 Dungeon Crawl Stone Soup version 0.22.1-2-g9c5b331383 (webtiles) character file.

8318 Jerry the Carver (level 11, -1/90 HPs)
             Began as a Merfolk Gladiator on Nov 24, 2018.
             Was an Elder of Yredelemnul.
             Succumbed to a deep elf mage's poison
             ... on level 11 of the Dungeon.
             The game lasted 00:49:10 (11959 turns).

Jerry the Carver (Merfolk Gladiator)               Turns: 11959, Time: 00:49:11

Health: -1/90      AC: 26    Str: 21    XL:     11   Next: 29%
Magic:  26/26      EV: 11    Int:  7    God:    Yredelemnul [****..]
Gold:   300        SH:  0    Dex: 23    Spells: 10/10 levels left

rFire    . . .     SeeInvis .   C - +10 dagger "Hareq" {protect, Stlth+}
rCold    . . .     Gourm    .   (no shield)
rNeg     + . .     Faith    .   o - +3 chain mail
rPois    +         Spirit   .   c - +0 helmet
rElec    +         Reflect  .   N - +0 cloak (curse)
rCorr    .         Harm     .   s - +1 pair of gloves {Str+3}
MR       .....                  E - +0 pair of boots
Stlth    +.........             d - amulet of regeneration
HPRegen  0.65/turn              b - ring of stealth
MPRegen  0.20/turn              k - ring of Liberty {rElec rPois rN+ MP+9 Dex+7}

@: lethally poisoned (-1 -> -9), protection aura
A: change form in water, swift swim, stealthy swim
a: Recall Undead Slaves, Injury Mirror, Animate Dead, Drain Life, Renounce
Religion


You were on level 11 of the Dungeon.
You worshipped Yredelemnul.
Yredelemnul was greatly pleased with you.
You were hungry.

You visited 1 branch of the dungeon, and saw 11 of its levels.

You collected 571 gold pieces.
You spent 271 gold pieces at shops.

Inventory:

Hand Weapons
 a - a +1 long sword
 A - a +3 falchion
 C - the +10 dagger "Hareq" (weapon) {protect, Stlth+}
   (You bought it in a shop on level 4 of the Dungeon)

   It protects the one who uses it against injury (+AC on strike).
   It makes you more stealthy.
Missiles
 r - a throwing net (quivered)
Armour
 c - a +0 helmet (worn)
 o - a +3 chain mail (worn)
 s - a +1 pair of gloves of strength (worn)
 E - a +0 pair of boots (worn)
 N - a cursed +0 cloak (worn)
 P - a +3 ring mail
Jewellery
 b - a ring of stealth (left hand)
 d - an amulet of regeneration (around neck)
 k - the ring of Liberty (right hand) {rElec rPois rN+ MP+9 Dex+7}
   (You found it on level 10 of the Dungeon)

   [ring of positive energy]

   It affects your dexterity (+7).
   It insulates you from electricity.
   It protects you from poison.
   It protects you from negative energy.
   It affects your magic capacity (+9).
 p - an uncursed ring of fire
Wands
 t - a wand of scattershot (7)
 x - a wand of clouds (6)
 D - a wand of acid (11)
 H - a wand of flame (15)
 J - a wand of iceblast (20)
 K - a wand of polymorph (13)
 R - a wand of paralysis (6)
Scrolls
 h - 2 scrolls of magic mapping
 j - 3 scrolls of remove curse
 l - 3 scrolls of teleportation
 q - 2 scrolls of enchant weapon
 y - a scroll of fog
Potions
 e - 3 potions of heal wounds
 g - 5 potions of curing
 m - 2 potions of ambrosia
 n - a potion of might
 w - 3 potions of lignification
 z - a potion of agility
 B - 2 potions of magic
 F - 2 potions of brilliance {unknown}
 G - 5 potions of flight {unknown}
Miscellaneous
 i - a fan of gales
Comestibles
 f - 18 rations


   Skills:
 + Level 9.8 Fighting
 + Level 10.1 Long Blades
 - Level 2.1 Throwing
 + Level 6.6 Armour
 - Level 4.1 Dodging
 + Level 8.9 Invocations


You had 10 spell levels left.
You didn't know any spells.
Your spell library contained the following spells:

 Spells                   Type           Power        Failure   Level  Hunger
 Animate Skeleton         Necr           N/A          98%         1    ##.....
 Magic Dart               Conj           #...         98%         1    ##.....
 Pain                     Necr           #...         98%         1    ##.....
 Blink                    Tloc           N/A          99%         2    ###....
 Call Imp                 Summ           #.......     99%         2    ###....
 Slow                     Hex            #.......     99%         2    ###....
 Conjure Flame            Conj/Fire      #.......     100%        3    ####...
 Mephitic Cloud           Conj/Pois/Air  #.......     100%        3    ####...
 Regeneration             Chrm/Necr      #.........   100%        3    ####...
 Vampiric Draining        Necr           #.........   100%        3    ####...
 Animate Dead             Necr           N/A          100%        4    #####..


Dungeon Overview and Level Annotations

Branches:
Dungeon (11/15)            Temple (0/1) D:6            Lair (0/6) D:11
    Orc: D:9-12

Altars:
Cheibriados
Dithmenos
Elyvilon
Gozag
Hepliaklqana
Qazlal
Trog
Xom
Yredelemnul
Beogh

Shops:
D:4 (   D:6 [:!*:   D:9 :   D:10 [

Annotations:
D:7 3 runed doors, hemabe's ghost, novice HuAr


Message History

The deep elf mage hits you with a short sword of venom.
* * * LOW HITPOINT WARNING * * *
You are more poisoned.
You swap places.
You feel sick. The fire elemental hits you. The fire elemental burns you!
* * * LOW HITPOINT WARNING * * *
The fire elemental barely misses your mummy.
Your mummy hits the deep elf mage!!
The deep elf mage hits your mummy but does no damage.
You feel sick.
Your wight hits the fire elemental but does no damage.
The deep elf mage hits your mummy with a short sword of venom.
The fire elemental hits you. The fire elemental burns you!
* * * LOW HITPOINT WARNING * * *
There is an open door, spattered with blood here.
Things that are here:
a giant club; a ring mail You swap places.
You die...
Your body rises from the dead as a mindless zombie.

#######'....
###..........
.'........# #......§.#
#....e§..# #...§EM..#
#.../Ez..#
#####Z#...§.§ ####.
##@##...... #... ##ZZ#
###### ##.### #ZZ##
###..... ###.#######
###.Z.....
#.#Z#†..#.###..Z#.....
#.#Z#Z#Z#.Z.Z.###.<...
#.Z.#Z#.#Z##### #.....
#.###Z#Z#Z# #.....
#...#.#Z#.# ######


You could see a deep elf mage, 2 fire elementals, a friendly mummy, a friendly
wight, a friendly bullfrog zombie, 2 friendly orc zombies, 2 friendly orc
warrior zombies, a friendly orc priest zombie, a friendly orc wizard zombie and
a friendly ogre skeleton.

Vanquished Creatures
  A two-headed ogre (D:9)
  Maurice (D:8)
  A komodo dragon (D:11)
  A troll (D:9)
  A hornet (D:10)
  A hippogriff (D:11)
  The ghost of brob4 the Covered, an amateur MiFi (D:3)
  A wyvern (D:10)
  A hungry ghost (D:9)
  Duvessa (D:7)
  A water moccasin (D:8)
  2 sky beasts
  2 black bears (D:9)
  7 orc warriors
  3 ice beasts
  8 ogres
  A necrophage (D:8)
  2 phantoms
  2 centaurs
  2 big kobolds
  6 bullfrogs
  Dowan (D:7)
  6 scorpions
  6 killer bees (D:11)
  2 wights (D:8)
  3 crimson imps
  5 howler monkeys
  A quasit (D:11)
  2 centaur zombies
  A jelly (D:7)
  4 orc priests
  A gnoll shaman (D:8)
  5 hounds
  10 orc wizards
  4 bullfrog skeletons
  A centaur skeleton (D:4)
  2 iguanas
  Ijyb (D:5)
  A killer bee zombie (D:10)
  6 worker ants
  A hound zombie (D:5)
  A hound skeleton (D:9)
  A worker ant zombie (D:8)
  18 gnolls
  12 adders
  2 shadow imps
  2 oozes
  2 adder skeletons
  4 worms
  4 dart slugs (D:1)
  3 leopard geckos
  38 orcs
  A ball python (D:1)
  8 giant cockroaches
  11 goblins
  4 hobgoblins
  12 jackals
  21 kobolds
  4 quokkas
  6 bats
  3 frilled lizards
  A jackal skeleton (D:8)
  6 rats
273 creatures vanquished.

Vanquished Creatures (collateral kills)
  Psyche (D:9)
  A hippogriff (D:7)
  A human (D:11)
  An ogre (D:4)
  2 wights (D:8)
  A gnoll shaman (D:9)
  An orc wizard (D:11)
  A worker ant (D:4)
  An adder (D:4)
  5 gnolls
  An adder skeleton (D:4)
  3 orcs
  A frilled lizard (D:4)
  A leopard gecko zombie (D:5)
21 creatures vanquished.

Vanquished Creatures (others)
  A worker ant (D:11)
  An orc wizard (D:10)
  A mummy (D:10)
  A worker ant zombie (D:4)
  3 adder zombies
  2 orc zombies
  2 orcs (D:11)
  A giant cockroach zombie (D:4)
  A leopard gecko zombie (D:5)
13 creatures vanquished.

Grand Total: 307 creatures vanquished

Notes
Turn   | Place    | Note
-------+----------+-------------------------------------------
     0 | D:1      | Jerry the Merfolk Gladiator began the quest for the Orb.
     0 | D:1      | Reached XP level 1. HP: 16/16 MP: 1/1
    83 | D:1      | Reached XP level 2. HP: 23/23 MP: 2/2
   339 | D:1      | Reached XP level 3. HP: 24/28 MP: 3/3
   499 | D:1      | Reached skill level 1 in Armour
  1023 | D:1      | Reached skill level 4 in Long Blades
  1071 | D:2      | Reached XP level 4. HP: 35/35 MP: 4/4
  1159 | D:2      | Found a basalt altar of Yredelemnul.
  1368 | D:2      | Became a worshipper of Yredelemnul the Dark
  1480 | D:2      | Reached XP level 5. HP: 22/41 MP: 5/5
  2121 | D:2      | Reached * piety under Yredelemnul
  2256 | D:3      | Found a transporter.
  2258 | D:3      | Noticed brob4's ghost (amateur MiFi)
  2263 | D:3      | Found a transporter.
  3474 | D:3      | Reached skill level 1 in Invocations
  3474 | D:3      | Reached XP level 6. HP: 24/48 MP: 6/6
  3700 | D:4      | Reached skill level 5 in Long Blades
  3775 | D:4      | Reached XP level 7. HP: 26/55 MP: 8/8
  4037 | D:4      | Found a hazy altar of Hepliaklqana.
  4247 | D:4      | Reached skill level 5 in Fighting
  4639 | D:4      | Found Ymulov's Antique Weapon Boutique.
  4663 | D:4      | Bought a steaming dagger for 126 gold pieces
  4663 | D:4      | Identified the +10 dagger "Hareq" {protect, Stlth+} (You
                  | bought it in a shop on level 4 of the Dungeon)
  4935 | D:5      | Entered Level 5 of the Dungeon
  5033 | D:5      | Noticed Ijyb
  5042 | D:5      | Killed Ijyb
  5080 | D:5      | Reached ** piety under Yredelemnul
  5086 | D:5      | Reached skill level 6 in Long Blades
  5086 | D:5      | Reached XP level 8. HP: 32/63 MP: 10/10
  5457 | D:5      | Found a shadowy altar of Dithmenos.
  5674 | D:6      | Found Edydymn's Distillery.
  5682 | D:6      | Found Dekh's Book Emporium.
  5744 | D:6      | Found Gammo's Assorted Antiques.
  5775 | D:6      | Bought a scroll labeled WIAGUCHOIJE for 29 gold pieces
  5775 | D:6      | Bought a scroll labeled WOEJOXZUGE for 29 gold pieces
  5775 | D:6      | Bought a scroll labeled YTIDEW GYEL for 29 gold pieces
  5775 | D:6      | Bought a scroll labeled HOWKIA AZESI for 29 gold pieces
  5775 | D:6      | Bought a scroll labeled TAOR USAUM for 29 gold pieces
  5791 | D:6      | Found Wadghuol's Book Shop.
  5888 | D:6      | Found a staircase to the Ecumenical Temple.
  5899 | D:6      | Found Riarysmont's Antique Armour Shoppe.
  5923 | D:6      | Found a hazy altar of Hepliaklqana.
  6224 | D:7      | Noticed Dowan
  6226 | D:7      | Noticed Duvessa
  6236 | D:7      | Killed Duvessa
  6236 | D:7      | Reached skill level 7 in Long Blades
  6236 | D:7      | Reached skill level 5 in Invocations
  6246 | D:7      | Killed Dowan
  6252 | D:7      | Reached XP level 9. HP: 64/71 MP: 12/12
  6669 | D:7      | Found a stormy altar of Qazlal.
  6863 | D:7      | Found a runed gate.
  6867 | D:7      | Reached *** piety under Yredelemnul
  6869 | D:7      | Found a runed gate.
  6872 | D:7      | Found a runed gate.
  6879 | D:7      | Noticed hemabe's ghost (novice HuAr)
  7326 | D:7      | Found a roughly hewn altar of Beogh.
  7444 | D:8      | Noticed Maurice
  7629 | D:8      | Found a faded altar of an unknown god.
  7629 | D:8      | Found a shimmering altar of Xom.
  7634 | D:8      | Found an opulent altar of Gozag.
  7636 | D:8      | Found a white marble altar of Elyvilon.
  7638 | D:8      | Found a snail-covered altar of Cheibriados.
  7775 | D:8      | Reached skill level 8 in Long Blades
  7926 | D:8      | Killed Maurice
  7926 | D:8      | Reached skill level 5 in Armour
  8149 | D:8      | Reached XP level 10. HP: 76/80 MP: 15/15
  8536 | D:3      | Killed brob4's ghost
  8812 | D:9      | Found a bloodstained altar of Trog.
  8968 | D:9      | Found Begiczer's Book Emporium.
  9084 | D:9      | Noticed Psyche
  9092 | D:9      | Reached skill level 9 in Long Blades
  9098 | D:9      | Killed Psyche
  9380 | D:9      | Received a gift from Yredelemnul (a mummy)
  9396 | D:9      | Noticed a two-headed ogre
  9407 | D:9      | Killed a two-headed ogre
  9409 | D:9      | Reached **** piety under Yredelemnul
  9819 | D:10     | Entered Level 10 of the Dungeon
 10366 | D:10     | Got a coiled lead ring
 10367 | D:10     | Identified the ring of Liberty {rElec rPois rN+ MP+9 Dex+7}
                  | (You found it on level 10 of the Dungeon)
 10379 | D:10     | Found Ronwol's Antique Armour Boutique.
 10895 | D:11     | Reached XP level 11. HP: 89/89 MP: 17/17
 11173 | D:10     | Received a gift from Yredelemnul (a wight)
 11345 | D:11     | Found a staircase to the Lair.
 11534 | D:11     | Reached skill level 10 in Long Blades
 11918 | D:11     | Noticed a deep elf mage
 11929 | D:11     | Received a gift from Yredelemnul (a mummy)
 11958 | D:11     | HP: 1/90 [fire elemental[a deep elf mage] (10)]
 11959 | D:11     | Succumbed to a deep elf mage's poison

Skill      XL: |  1  2  3  4  5  6  7  8  9 10 11 |
---------------+----------------------------------+-----
Fighting       | 3 4 5 6 8 9 |  9.8
Armour         | 1 2 3 4 5 6 |  6.6
Long Blades    | 4 5 6 7 8 9 10 | 10.1
Invocations    | 1 2 3 5 6 8 |  8.9
Throwing       | |  2.1
Dodging        | |  4.1

Action                   |  1- 3 |  4- 6 |  7- 9 | 10-12 || total
-------------------------+-------+-------+-------+-------++-------
Melee: Long sword        |    91 |    43 |       |       ||   134
       Dagger            |       |   159 |   404 |   527 ||  1090
       Unarmed           |       |       |     3 |       ||     3
Throw: Throwing net      |     1 |     2 |       |     3 ||     6
Invok: Animate Remains   |       |       |    11 |       ||    11
       Animate Dead      |       |       |     2 |    10 ||    12
       Recall Undead Sla |       |       |       |     1 ||     1
  Use: Scroll            |       |       |    13 |    12 ||    25
       Potion            |       |       |     1 |     1 ||     2
 Stab: Held in net/web   |       |     1 |       |       ||     1
       Distracted        |       |       |     1 |     3 ||     4
       Sleeping          |       |       |     2 |       ||     2
  Eat: Chunk             |       |     9 |    14 |    11 ||    34
       Ration            |       |       |     1 |     2 ||     3
Armor: Leather armour    |    14 |    32 |    60 |       ||   106
       Chain mail        |       |       |    80 |   236 ||   316
       Skin              |       |       |    35 |       ||    35
Dodge: Dodged            |    60 |   151 |   194 |   218 ||   623
       Rpst.: Long sword |    12 |    14 |       |       ||    26
